 Dungeon Crawl Stone Soup version 0.27-a0-1154-gfdeffcb720 (webtiles) character file.

Game seed: 17677561281938640766

218 flyleaff the Skirmisher (level 6, -1/46 HPs)
             Began as a Djinni Earth Elementalist on May 14, 2021.
             Shot with an arrow by a centaur (14 damage)
             ... on level 4 of the Dungeon.
             The game lasted 00:11:53 (3668 turns).

flyleaff the Skirmisher (Djinni Earth Elementalist) Turns: 3668, Time: 00:11:54

Health: -1/46      AC:  3    Str:  7    XL:     6   Next: 17%
Gold:   73         EV: 13    Int: 18    God:
                   SH:  0    Dex: 20

rFire    + + .     SeeInvis .   o - +0 dagger (drain)
rCold    x . .     Faith    .   (no shield)
rNeg     . . .     Spirit   .   c - +0 robe
rPois    ∞         Reflect  .   (no helmet)
rElec    .         Harm     .   (no cloak)
rCorr    .         Rampage  .   f - +0 pair of gloves
Will     .....                  (boots unavailable)
Stlth    ++........             (no amulet)
HPRegen  0.15/turn              h - +6 ring of dexterity
MPRegen  0.00/turn              (no ring)

@: flying
A: sickness immunity, fire resistance 2, cold vulnerability 1, float, innate
caster, hp casting, extra vitality 1
a: no special abilities


You were on level 4 of the Dungeon.
You visited 1 branch of the dungeon, and saw 4 of its levels.

You collected 73 gold pieces.

Inventory:

Hand Weapons
 o - a +0 dagger of draining (weapon)
Missiles
 b - 60 stones
 r - 4 poisoned darts (quivered)
Armour
 c - a +0 robe (worn)
 f - a +0 pair of gloves (worn)
Jewellery
 h - a +6 ring of dexterity (left hand)
 t - a ring of willpower
Scrolls
 e - a scroll of enchant armour {unknown}
 g - 3 scrolls of identify {unknown}
 i - a scroll of immolation {unknown}
 j - a scroll of vulnerability {unknown}
 m - a scroll of amnesia {unknown}
Potions
 k - a potion of curing {unknown}
 l - a potion of cancellation {unknown}
 n - a potion of haste {unknown}
 p - a potion of resistance {unknown}
 q - a potion of brilliance {unknown}
 s - a potion of heal wounds {unknown}


   Skills:
 + Level 3.6 Fighting
 - Level 3.5 Armour
 + Level 2.4 Dodging
 - Level 1.5 Stealth
 * Level 2.6 Spellcasting


You couldn't memorise any spells.
You knew the following spells:

 Your Spells              Type           Power      Damage    Failure   Level
a - Sandblast             Erth           22%        2d7       6%          1
b - Passwall              Tmut/Erth      9%         N/A       9%          2
c - Stone Arrow           Conj/Erth      22%        3d8       17%         3
d - Petrify               Tmut/Erth      11%        N/A       50%         4
e - Lee's Rapid Deconstr  Erth           5%         3d7*      85%         5
f - Beastly Appendage     Tmut           22%        N/A       6%          1
g - Slow                  Hex            11%        N/A       9%          2
Your spell library was empty.

Dungeon Overview and Level Annotations

Branches:
Dungeon (4/15)
 Temple: D:4-7

Altars:
Okawaru
Sif Muna
Xom


Innate Abilities, Weirdness & Mutations

You are immune to sickness and miasma.
You are immune to poison.
Your flesh is very heat resistant. (rF++)
You are vulnerable to cold. (rC-)
You float through the air rather than walking.
You learn spells naturally, not from books.
Your magical power is your life essence.
You have superior vitality. (+4 HP)


Message History

The gnoll is heavily wounded.
The gnoll hits you with a +0 whip.
You hit the gnoll but do no damage. You drain the gnoll.
The gnoll is almost dead.
The gnoll barely misses you.
You barely miss the gnoll.
The gnoll is almost dead.
The gnoll barely misses you.
You hit the gnoll but do no damage. You drain the gnoll.
You kill the gnoll!
You start resting.
A gnoll is nearby!
Throw: 5 darts (poison)
Press: ? - help, Q - select action, (/) - cycle Shift-Dir - straight line, f - gnoll
Aim: a gnoll, wielding a +0 spear (moderately wounded, wandering, hasn't noticed you, 66% to hit)
You throw a poisoned dart. The poisoned dart hits the gnoll.
The gnoll shouts!
The gnoll is moderately wounded.
You hear a shout! x2
Casting: Sandblast (safe; 6% risk of failure)
Confirm with . or Enter, or press ? or * to list all spells.
Aiming: Stone Arrow (dangerous; 19% risk of failure)
Press: ? - help, Shift-Dir - straight line, f/p - gnoll
Aim: a gnoll, wielding a +0 spear (moderately wounded, 72% to hit)
The stone arrow hits the gnoll!
You kill the gnoll!
You start resting.
A centaur is nearby!
Casting: Stone Arrow (dangerous; 17% risk of failure)
Confirm with . or Enter, or press ? or * to list all spells.
Okay, then.
Casting: Stone Arrow (dangerous; 17% risk of failure)
Confirm with . or Enter, or press ? or * to list all spells.
You can't see any susceptible monsters within range! (Use Z to cast anyway.)
The centaur shouts!
The centaur wields a +0 shortbow.
The centaur shoots an arrow.
The arrow hits you!
* * * LOW HITPOINT WARNING * * *
The centaur shoots an arrow.
The arrow hits you!
You die...

.. ..... # ...# .# #.
..#### .. #.# ....##. ..#
##......g #.# ##...(...g
#.###...##)# #.#....##@# #
#.....##.# ## ##..#####)#
.## #.......#(# #.##
#.......#(###### ##.##
#...)....(.....##
##.####........(........[
##..##..........c..##.####
#...............((...$..


You could see a centaur.

Vanquished Creatures
  A scorpion (D:2)
  4 gnolls (D:4)
  4 adders
  2 worms
  3 dart slugs
  4 orcs (D:3)
  7 endoplasms
  3 giant cockroaches
  7 goblins
  3 hobgoblins
  7 jackals
  A quokka (D:3)
  11 ball pythons
  7 bats
  A frilled lizard (D:1)
  4 kobolds
  3 rats
72 creatures vanquished.

Notes
Turn   | Place    | Note
-------+----------+-------------------------------------------
     0 | D:1      | flyleaff the Djinni Earth Elementalist began the quest for
                  | the Orb.
     0 | D:1      | Reached XP level 1. HP: 15/15 MP: 0/0
   607 | D:1      | Reached skill level 1 in Fighting
   607 | D:1      | Reached skill level 1 in Armour
   607 | D:1      | Reached XP level 2. HP: 21/22 MP: 0/0
   750 | D:1      | Found a faded altar of an unknown god.
  1056 | D:2      | Reached XP level 3. HP: 24/27 MP: 0/0
  1056 | D:2      | Learned a level 1 spell: Beastly Appendage
  1708 | D:2      | Reached XP level 4. HP: 29/33 MP: 0/0
  1883 | D:2      | Noticed a scorpion
  1896 | D:2      | Killed a scorpion
  1897 | D:2      | Reached XP level 5. HP: 20/40 MP: 0/0
  1897 | D:2      | Learned a level 2 spell: Slow
  2222 | D:3      | Found a shimmering altar of Xom.
  2681 | D:3      | Found an iron altar of Okawaru.
  3574 | D:4      | Reached XP level 6. HP: 15/46 MP: 0/0
  3668 | D:4      | Shot with an arrow by a centaur

Illustrated notes

Levels and vault maps discovered:
D:1:      evilmike_arrival_rings, layout_loops_ring,
          chequers_ecumenical_altar_simple_redux
D:2:      layout_loops_ring, minmay_hexomino_u4
D:3:      layout_loops_ring, okawaru_trees_1, lemuel_crystal_altar,
          lemuel_tele_altar, grunt_decor_clamped, st_stairs_5, nrook_campfire,
          minmay_misc_feat_iff
D:4:      layout_loops_ring, minmay_temple_entry_glass

Skill      XL: |  1  2  3  4 |
---------------+-------------+-----
Fighting       | 1 2 3 |  3.6
Armour         | 1 2 3 |  3.5
Dodging        | |  2.4
Stealth        | |  1.5
Spellcasting   | |  2.6

Action                   |  1- 3 |  4- 6 || total
-------------------------+-------+-------++-------
Melee: Dagger            |    41 |    73 ||   114
       Headbutt          |       |     6 ||     6
Throw: Dart              |       |    11 ||    11
 Cast: Sandblast         |    38 |    49 ||    87
       Stone Arrow       |       |     2 ||     2
       Slow              |       |     4 ||     4
       Beastly Appendage |       |     4 ||     4
Evoke: Wand              |       |     5 ||     5
  Use: Scroll            |       |     2 ||     2
 Stab: Sleeping          |     4 |     3 ||     7
Armor: Robe              |    17 |    12 ||    29
Dodge: Dodged            |    32 |    65 ||    97

Table legend: (Time is in decaauts)
 A = Elapsed time spent in this place.
 B = Non-inter-level travel time spent in this place.
 C = Inter-level travel time spent in this place.
 D = Time resting spent in this place.
 E = Time spent auto-exploring this place.
 F = Levels seen in this place.
 G = Mean time per level.
                   A        B        C        D        E       F      G
               +--------+--------+--------+--------+--------+-----+--------+
         Total |   3665 |   3585 |     80 |     55 |   2996 |   4 |  916.2 |
       Dungeon |   3665 |   3585 |     80 |     55 |   2996 |   4 |  916.2 |
               +--------+--------+--------+--------+--------+-----+--------+

Top non-repeatable levels by time:
     D:3: 1223 daAuts
     D:2: 1216 daAuts
     D:1: 1004 daAuts
     D:4: 221 daAuts
